← All builds
Tech / Armada / Economy first / OBSERVED BUILD

Standard tech

Armada Tech (Eco) build order · Supreme Isthmus

Rushes T2 by 4:15, gets Advanced Metal Extractor around 5:28, hands off T2 constructors to Geo and the team, then scales eco and supplies the team's T2 needs through the rest of the game.

Usually first T2 con to Geo (83%)

#eco #t2 #team support · 1602 distinct matches · 255 players · 60% of Armada Tech games · team won 53% of 1912 · Recently observed

HOW TO PLAY IT

Key timing: T2 factory by 4:15

  1. Open 3 mex and heavy wind to fund a fast T2 rush.
  2. Put down Bot Lab, planning to eat it for reclaim soon after.
  3. Get Advanced Bot Lab up, hitting the T2 factory rush timing.
  4. Upgrade mex to Advanced Metal Extractor to lock in team metal income.
  5. Eat Advanced Bot Lab and keep sending cons to Geo and Pond.

Phase by phase

TYPICAL OF ITS 1602 GAMES
  1. 1
  2. 2
  3. 3
  4. 4
PLAY THE OPENING

Follow the example game's first 6:00 step by step: what to build now, what comes next, and where it goes. At 1× it keeps pace with your own game.

  1. 1

    Up to the Bot Lab

    Economy
    • Metal Extractor3Mex
    • Wind Turbine4Wind
    Order
    1. Bot LabBot Lab after 3 mex, 4 winddone ~1:18, middle half 1:13–1:32

    Some games also: energy storage (31%)

    By 1:01 in all: 3 mex · 4 wind

    The example game in this phase · 4 steps
    1. Mex ×3
    2. Wind ×4
    3. Energy storage
    4. Bot LabBot Labdone 1:31 · typical 1:18
  2. 2

    Bot Lab to Advanced Bot Lab

    Economy
    • Metal Extractor1Mex
    • Wind Turbine8Wind
    • Energy Storage1Energy storage
    Order
    1. Advanced Bot LabAdvanced Bot Lab after 4 mex, 12 wind, 3 con turretdone ~4:16, middle half 4:04–4:30
    Builders
    • Construction Turret3 Con turret
    • Lazarus3 Lazarus
    • Construction Bot2 Con bot
    • Construction Bot1 Con bot for allies

    Some games also: converter (36%)

    By 3:18 in all: 4 mex · 12 wind · 1 energy storage · 3 con turret

    The example game in this phase · 18 steps
    1. LazarusLazarus
    2. Wind ×2
    3. LazarusLazarus
    4. Wind
    5. LazarusLazarus
    6. Wind
    7. Construction BotCon bot
    8. Wind
    9. Construction BotCon botfor Air
    10. Construction BotCon bot
    11. Wind
    12. Mex
    13. Con turret
    14. Wind ×2
    15. Con turret
    16. Wind
    17. Con turret
    18. Advanced Bot LabAdvanced Bot Labdone 4:31 · typical 4:16
  3. 3

    Advanced Bot Lab to 5:00

    Economy
    • Wind Turbine3Wind
    Order
    1. Bot LabEat Bot Lab
    Builders
    • Advanced Construction Bot1 T2 con bot for allies

    Some games also: converter (35%)

    By 5:00 in all: 4 mex · 15 wind · 1 converter · 1 energy storage · 3 con turret

    The example game in this phase · 7 steps
    1. Wind
    2. Bot LabEat Bot Labreclaimed for its metal
    3. Wind ×2
    4. Advanced Construction BotT2 con botfor Geo
    5. Wind ×4
    6. Advanced Metal ExtractorT2 mexdone 5:57 · typical 5:29
    7. Wind
  4. 4

    5:00 to 10:00

    Economy
    • Wind Turbine43Wind
    • Energy Converter6Converter
    Builders
    • Butler9 Butler
    • Advanced Construction Bot4 T2 con bot for allies
    • Advanced Construction Bot1 T2 con bot

    Some games also: con turret (43%) · Butler for allies (37%)

    By 10:00 in all: 4 mex · 58 wind · 8 converter · 1 energy storage · 3 con turret

    The example game in this phase · 66 steps
    1. Wind
    2. Converter ×4
    3. Advanced Construction BotT2 con botfor Beach sea
    4. Wind
    5. Advanced Construction BotT2 con botfor Air
    6. Advanced Metal ExtractorT2 mex
    7. Wind
    8. Advanced Metal ExtractorT2 mex
    9. Wind ×11
    10. Advanced Construction BotT2 con botfor Geo sea
    11. Wind
    12. ButlerButler ×2
    13. Wind
    14. ButlerButler
    15. Advanced Metal ExtractorT2 mex
    16. Advanced Construction BotT2 con botfor Pond
    17. Advanced Construction BotT2 con bot
    18. ButlerButler ×3
    19. Wind
    20. ButlerButler
    21. Wind
    22. ButlerButler
    23. Wind
    24. ButlerButler
    25. Wind ×4
    26. ButlerButler
    27. Wind ×2
    28. ButlerButler
    29. Wind ×2
    30. Converter
    31. ButlerButler
    32. Wind ×2
    33. Converter
    34. ButlerButler
    35. Wind ×2
    36. Converter
    37. ButlerButler
    38. Wind ×2
    39. Converter
    40. ButlerButler
    41. Wind ×3
    42. Converter
    43. Wind ×2
    44. PlatypusPlatypus
    45. Wind
    46. Converter ×2
    47. Wind ×3
    48. PlatypusPlatypus
    49. Wind ×3
    50. Converter ×2
    51. PlatypusPlatypus
    52. Wind ×3
    53. Converter ×2
    54. Wind
    55. PlatypusPlatypus
    56. Wind ×2
    57. Converter
    58. Wind
    59. Converter
    60. Wind
    61. PlatypusPlatypus
    62. Wind
    63. Converter
    64. Wind
    65. Converter
    66. Wind

Counts are medians over the build's games: half of them build more, half fewer. The example game is Dr_Clone's (34 OS, 04/09/2026); pick another.

Team trades

IN AT LEAST 30% OF ITS GAMES

You hand over

  • Construction Bot1 Con bot to Airfirst at 2:23 · in 84% of games
  • Advanced Construction Bot5 T2 con bot to Air or Geo sea or Pondfirst at 4:50 · in 99% of games
  • Butler2 Butler to Geo sea or Beach sea or Pondfirst at 9:06 · in 42% of games

You get

  • Hercules1 Light transport from Airfirst at 4:01 · in 86% of games

How it plays out

Typical game of this build, running totals by minute

Metal produced

020k40k
0:005:0010:0015:00

metal

Enemy metal destroyed

050100150
0:005:0010:0015:00

metal

Own metal lost

050100150
0:005:0010:0015:00

metal

1912 games.

Show as table
ByMetal produced: This buildEnemy metal destroyed: This buildOwn metal lost: This build
1:0038300
2:0091500
3:00165200
4:00314400
5:00484800
6:00579900
7:00722700
8:00906500
9:001118000
10:001352000
11:001624200
12:001965200
13:002343000
14:0027286074
15:0031503108130
WHAT THE NUMBERS SAY

Standard Tech play barely fights at all early, instead pouring metal into T2 infrastructure and constructors for the team.

  • + Metal produced hits 31679 by 15:00, by far the highest of any role here.
  • + T2 factory reached in 97% of games by 4:15, fastest and most reliable T2 timing.
  • − Enemy metal destroyed stays at 0 through 10:00, no early offense at all.
  • − Own metal lost also near 0, showing total avoidance of combat risk.
THE EXAMPLE YOU ARE READING

Dr_Clone

34.2 OS · 04/09/2026

Open source match ↗

1 received units
1066 metal received · 33702 energy received

Allied construction assistance is unknown. Timings are observations, not a promise of solo reproducibility.

Typical milestones

Bot Lab1:18Middle 50%: 1:13–1:32 · n=1912
Advanced Bot Lab4:16Middle 50%: 4:04–4:30 · n=1905
Advanced Metal Extractor5:29Middle 50%: 5:05–5:59 · n=1908

Played most by

Amrissa97games of this buildTheGeneraI70games of this buildAdeus57games of this buildEl_Turco55games of this buildKOT_44games of this build
Standard tech · Armada Tech (Eco) build order · BAR Build Atlas